[ AOE2 MATCH · #506716589 ]
UnrankedJapanese vs Slavs
Player's team · WIN
Rival team · LOSS
[ REPLAY ANALYSIS · EXTRACTED FROM THE RECORDED GAME ]
Feudal
11:53
Castle
—
Imperial
—
| APM avg | 80.3 |
| APM peak | 121 |
| eAPM avg | 23.3 |
| Villagers / military | 28 / 15 |
Focus
⚔️ 37.2% · 🌾 62.8%
Militia ×12 · Spearman ×2 · Skirmisher ×1
Feudal
11:22
Castle
—
Imperial
—
| APM avg | 74.2 |
| APM peak | 99 |
| eAPM avg | 26.6 |
| Villagers / military | 32 / 9 |
Focus
⚔️ 27.8% · 🌾 72.2%
Militia ×8 · Archer ×1
Match map
Initial resources + every placement click. Lines = walls · curves = elevation contours. ◆ gold · ⬟ stone · ● berries · ✦ relic · ◌ wall gap
Your base· Open — unwalled flank
_TieuQuy's base· Open — unwalled flank
Smoothed initial terrain · ◌ = detected wall gap · hover for details
Inputs per minute
— CNZS_CC - - _TieuQuy
Build order — CNZS_CC
73 actions detected in the replay
| 0:00 | Queue | Villager (Male) |
| 0:00 | Queue | Villager (Male) |
| 0:01 | Queue | Villager (Male) |
| 0:02 | Build | House |
| 0:02 | Build | House |
| 0:07 | Queue | Villager (Male) |
| 0:07 | Queue | Villager (Male) |
| 1:25 | Queue | Villager (Male) |
| 1:54 | Queue | Villager (Male) |
| 2:12 | Queue | Villager (Male) |
| 2:17 | Build | Lumber Camp |
| 2:31 | Queue | Villager (Male) |
| 3:01 | Queue | Villager (Male) |
| 3:22 | Build | House |
| 3:25 | Queue | Villager (Male) |
| 3:25 | Queue | Villager (Male) |
| 3:43 | Build | House |
| 3:56 | Queue | Villager (Male) |
| 4:05 | Queue | Villager (Male) |
| 4:08 | Build | Barracks |
| 4:47 | Build | House |
| 4:51 | Queue | Militia |
| 4:51 | Queue | Militia |
| 5:03 | Queue | Villager (Male) |
| 5:12 | Build | Mill |
| 5:25 | Queue | Villager (Male) |
| 5:39 | Build | Mill |
| 5:50 | Queue | Villager (Male) |
| 6:07 | Queue | Villager (Male) |
| 6:48 | Queue | Villager (Male) |
| 7:03 | Queue | Villager (Male) |
| 7:07 | Build | House |
| 7:27 | Queue | Villager (Male) |
| 7:28 | Build | Mining Camp |
| 7:35 | Queue | Militia |
| 7:36 | Queue | Militia |
| 7:56 | Queue | Villager (Male) |
| 7:58 | Queue | Militia |
| 7:58 | Queue | Militia |
| 8:11 | Build | House |
| 8:19 | Queue | Villager (Male) |
| 8:35 | Build | Farm |
| 8:45 | Build | Farm |
| 8:46 | Queue | Villager (Male) |
| 9:06 | Research | Loom |
| 9:36 | Research | Feudal Age |
| 9:36 | Research | Feudal Age |
| 9:38 | Queue | Militia |
| 9:48 | Build | Lumber Camp |
| 9:53 | Queue | Militia |
| 10:13 | Queue | Militia |
| 10:22 | Build | House |
| 10:25 | Queue | Militia |
| 10:33 | Queue | Villager (Male) |
| 10:35 | Build | Farm |
| 10:36 | Build | Farm |
| 10:42 | Queue | Militia |
| 10:55 | Build | House |
| 11:06 | Queue | Militia |
| 11:53 | Age | Feudal Age |
| 11:55 | Research | Man-at-Arms (upgrade) |
| 11:58 | Queue | Villager (Male) |
| 12:00 | Build | Archery Range |
| 12:06 | Research | Arson |
| 12:06 | Research | Arson |
| 12:27 | Research | Double-Bit Axe |
| 12:43 | Build | Farm |
| 12:43 | Build | Farm |
| 12:46 | Queue | Villager (Male) |
| 12:51 | Queue | Spearman |
| 12:51 | Queue | Spearman |
| 12:55 | Queue | Skirmisher |
| 13:39 | Queue | Villager (Male) |
Build order — _TieuQuy
72 actions detected in the replay
| 0:00 | Queue | Villager (Male) |
| 0:01 | Queue | Villager (Male) |
| 0:02 | Build | House |
| 0:03 | Build | House |
| 0:06 | Queue | Villager (Male) |
| 0:07 | Queue | Villager (Male) |
| 1:29 | Queue | Villager (Male) |
| 1:51 | Build | Lumber Camp |
| 2:02 | Queue | Villager (Male) |
| 2:02 | Queue | Villager (Male) |
| 2:20 | Queue | Villager (Male) |
| 2:48 | Queue | Villager (Male) |
| 2:48 | Queue | Villager (Male) |
| 3:08 | Queue | Villager (Male) |
| 3:37 | Queue | Villager (Male) |
| 3:52 | Build | House |
| 4:06 | Queue | Villager (Male) |
| 4:18 | Queue | Villager (Male) |
| 4:26 | Research | Loom |
| 4:41 | Queue | Villager (Male) |
| 5:02 | Build | Barracks |
| 5:12 | Queue | Villager (Male) |
| 5:17 | Build | House |
| 5:40 | Queue | Villager (Male) |
| 5:54 | Queue | Militia |
| 5:54 | Queue | Militia |
| 6:01 | Queue | Villager (Male) |
| 6:13 | Build | Mill |
| 6:21 | Queue | Villager (Male) |
| 6:52 | Queue | Villager (Male) |
| 7:11 | Queue | Militia |
| 7:21 | Queue | Villager (Male) |
| 7:23 | Build | House |
| 7:56 | Queue | Villager (Male) |
| 7:58 | Build | Farm |
| 7:59 | Queue | Villager (Male) |
| 8:46 | Queue | Villager (Male) |
| 9:12 | Research | Feudal Age |
| 9:12 | Research | Feudal Age |
| 9:15 | Build | Mining Camp |
| 9:39 | Build | Farm |
| 10:04 | Queue | Militia |
| 10:11 | Build | Farm |
| 10:22 | Queue | Militia |
| 10:33 | Build | Farm |
| 10:36 | Queue | Militia |
| 10:44 | Build | Palisade Wall |
| 10:47 | Build | Palisade Wall |
| 11:01 | Queue | Villager (Male) |
| 11:22 | Age | Feudal Age |
| 11:25 | Research | Man-at-Arms (upgrade) |
| 11:25 | Research | Man-at-Arms (upgrade) |
| 11:32 | Queue | Militia |
| 11:38 | Queue | Villager (Male) |
| 11:40 | Build | Archery Range |
| 11:56 | Queue | Villager (Male) |
| 12:15 | Queue | Militia |
| 12:16 | Queue | Villager (Male) |
| 12:20 | Build | Farm |
| 12:39 | Build | Palisade Wall |
| 12:41 | Build | Palisade Wall |
| 12:43 | Build | Palisade Wall |
| 12:49 | Queue | Villager (Male) |
| 12:54 | Queue | Archer |
| 12:57 | Build | House |
| 12:59 | Build | Palisade Wall |
| 13:00 | Build | Palisade Wall |
| 13:02 | Build | Palisade Wall |
| 13:03 | Build | House |
| 13:10 | Queue | Villager (Male) |
| 13:13 | Queue | Villager (Male) |
| 13:36 | Queue | Villager (Male) |
Match timeline
| 4:08 | CNZS_CC · first_building Barracks |
| 5:02 | _TieuQuy · first_building Barracks |
| 10:44 | _TieuQuy · wall_segment Palisade Wall x2 |
| 10:47 | _TieuQuy · wall_segment Palisade Wall x5 |
| 11:22 | _TieuQuy · age_up feudal |
| 11:40 | _TieuQuy · first_building Archery Range |
| 11:53 | CNZS_CC · age_up feudal |
| 12:00 | CNZS_CC · first_building Archery Range |
| 12:39 | _TieuQuy · wall_segment Palisade Wall x1 |
| 12:41 | _TieuQuy · wall_segment Palisade Wall x1 |
| 12:43 | _TieuQuy · wall_segment Palisade Wall x1 |
| 12:59 | _TieuQuy · wall_segment Palisade Wall x1 |
| 13:00 | _TieuQuy · wall_segment Palisade Wall x1 |
| 13:02 | _TieuQuy · wall_segment Palisade Wall x1 |
| 13:44 | _TieuQuy · resign |
[ AI ANALYSIS · 1 CREDIT ]
What really happened in this match?
Wolo.gg analyzes every decision: build order, eco, micro, common mistakes by bracket. Personalized analysis on WhatsApp or Discord in 30 seconds.
Civ guide
Japanese
Perfil
Jugador #446371